 Dungeon Sprint DCSS version 0.27.1 (webtiles) character file.

Game seed: 7069286084044108413

5858 styxcanada the Imperceptible (level 10, -13/53 HPs)
             Began as a Spriggan Brigand on Aug 28, 2021.
             Was an Initiate of Gozag.
             Mangled by Agnes (38 damage)
             ... in the Dungeon (Sprint IV: "Fedhas' Mad Dash").
             The game lasted 00:11:02 (1393 turns).

styxcanada the Imperceptible (Spriggan Brigand)     Turns: 1393, Time: 00:11:02

Health: -13/53     AC:  5    Str:  7    XL:     10   Next: 52%
Magic:  21/23      EV: 25    Int: 12    God:    Gozag
Gold:   2089       SH:  6    Dex: 21    Spells: 18/25 levels left

rFire    + . .     SeeInvis +   p - +4 short sword
rCold    . . .     Faith    .   o - +0 buckler
rNeg     . . .     Spirit   .   u - +2 robe {rF+}
rPois    .         Reflect  .   (helmet restricted)
rElec    .         Harm     .   c - +0 cloak
rCorr    .         Rampage  .   (gloves unavailable)
Will     +....     NoTele   +   (boots unavailable)
Stlth    ++++++++..             l - amulet of invisibility {+Inv}
HPRegen  0.17/turn              (no ring)
MPRegen  0.18/turn              (no ring)

@: very slightly contaminated, studying Staves, invisible, very quick
A: very small, no large weapons, unfitting armour, see invisible, speed 3
a: Renounce Religion, Evoke Invisibility, Potion Petition, Call Merchant, Bribe
Branch


You were in the Dungeon.
You worshipped Gozag.
Gozag was most pleased with you.
You visited 1 branch You collected 2395 gold pieces.
You spent 306 gold pieces at shops.

Inventory:

Hand Weapons
 a - a +2 dagger
 b - a +1 vorpal fustibalus
 n - a +1 dagger of venom
 p - a +4 short sword (weapon)
 t - the +8 trident of the Octopus King {venom, rElec rPois Will+}
   (You found it in the Dungeon)

   It poisons the flesh of those it strikes.
   rElec:     It insulates you from electricity.
   rPois:     It protects you from poison.
   Will:      It increases your willpower.
Missiles
 d - 7 poisoned darts (quivered)
 e - 2 curare-tipped darts
 m - 21 stones
 r - 6 silver boomerangs
Armour
 c - a +0 cloak (worn)
 o - a +0 buckler (worn)
 u - a +2 robe of fire resistance (worn)
Jewellery
 l - the amulet of invisibility (around neck) {+Inv}
   (You found it in the Dungeon)

   [amulet of nothing]

   +Inv:      It lets you turn invisible.
Wands
 q - a wand of flame (17)
Scrolls
 k - a scroll of blinking
Potions
 f - 2 potions of curing
 g - 2 potions of heal wounds
 h - a potion of haste
 i - 2 potions of magic
 j - a potion of berserk rage
 s - a potion of brilliance


   Skills:
 * Level 6.4 Fighting
 + Level 5.7 Short Blades
 + Level 6.0 Throwing
 * Level 10.0 Dodging
 * Level 22.2 Stealth
 + Level 0.2 Shields
 * Level 8.4 Spellcasting
 * Level 6.3 Air Magic
 * Level 6.8 Poison Magic
 * Level 11.8 Evocations


You had 18 spell levels left.
You knew the following spells:

 Your Spells              Type           Power      Damage    Failure   Level
a - Poisonous Vapours     Pois/Air       40%        N/A       2%          2
b - Freezing Cloud        Conj/Ice/Air   5%         6-21      95%         5

Your spell library contained the following spells:

 Spells                   Type           Power      Damage    Failure   Level
 Corpse Rot               Necr/Air       N/A        N/A       10%         2
 Summon Lightning Spire   Summ/Air       12%        N/A       52%         4
 Ozocubu's Armour         Ice            5%         N/A       56%         3
 Metabolic Englaciation   Hex/Ice        2%         N/A       99%         5
 Simulacrum               Ice/Necr       2%         N/A       100%        6
 Malign Gateway           Summ/Tloc      2%         N/A       100%        7


Dungeon Overview and Level Annotations

Branches:
Dungeon (1/1)

Altars:
Cheibriados
Dithmenos
Elyvilon
Gozag
Hepliaklqana
Kikubaaqudgha
Makhleb
Nemelex Xobeh
Okawaru
Qazlal
Ru
Sif Muna
Trog
Uskayaw
Vehumet
Wu Jian
Xom
Yredelemnul
Zin
The Shining One
Beogh
Jiyva
Lugonu

Shops:
D [!?[=[(

Annotations:
D Agnes


Innate Abilities, Weirdness & Mutations

You are very small and have problems with some larger weapons.
You are too small for most types of armour.
You have supernaturally acute eyesight. (SInv)
You cover ground extremely quickly. (Speed+++)


Message History

Things that are here:
a +0 short sword; a +0 robe
There is an open door here.
There is an open door here.
You see here a +0 ring mail.
There is an open door here.
You fail to use your ability.
You fade into invisibility!
You are very lightly contaminated with residual magic.
You open the door.
Agnes the Wanderer comes into view.
She is wielding a +1 vampiric lajatang.
Agnes shouts!
Agnes says, "You will find the Path of Peace easy to follow, in death."
There is an open door here.
A spriggan berserker comes into view. It is wielding a +0 rapier.
Found Edaocwar's Magic Scroll Emporium.
Agnes hits you with a +1 vampiric lajatang!!
Ouch! That really hurt!
You hit Agnes.
Agnes is lightly wounded.
Agnes barely misses you. You block Agnes's attack.
The spriggan berserker utters an invocation to Trog.
The polar bear goes berserk!
There is an open door here.
You hear an angry growl.
There is an open door here.
You hear an angry growl.
There is an open door here.
Casting: Poisonous Vapours (safe; 2% risk of failure)
Confirm with . or Enter, or press ? or * to list all spells.
Aiming: Poisonous Vapours (safe; 2% risk of failure)
Press: ? - help, Dir - move target, f - Agnes
Aim: Agnes, wielding a +1 vampiric lajatang and wearing a +0 robe (lightly wounded) Poisonous vapours surround Agnes!
Agnes is poisoned.
You block Agnes's attack.
You hear an angry growl.
Agnes completely misses you.
Agnes hits you with a +1 vampiric lajatang!!!
Ouch! That really hurt!
You die...
Your body crumbles into a pile of gold.

....#.....#.⌠._._._._.⌠.#..'...#.
....'.#...'.._._[_._._..'..#...#.
....#.#...#..._._._._...#..###'##
########'##.._._._._._..#.[##∩∩.'
......'...#._._._._._.⌠.#########
♣.....#...###################....
..♣..######♣♣♣♣♣..♣[###.'..'.....
'######..'......♣i.♣##..#..#.P...
.'.......#♣..♣♣♣@♣).###.##'##.P..
##.......#.♣♣..♣...♣'...#♣.♣#####
########################.....#
..♣..♣.... ..i♣.... .♣. ...h.
♣.... ∩. #### ###### #


You could see Agnes (poisoned).

Vanquished Creatures
  A spriggan druid (D)
  6 oklob plants (D)
  A demonic crawler (D)
  3 burning bushes (D)
  A queen bee (D)
  3 wandering mushrooms (D)
  A hornet (D)
  3 scorpions (D)
  4 killer bees (D)
  5 oklob saplings (D)
  5 spriggans (D)
  A river rat (D)
  A rat (D)
35 creatures vanquished.

Vanquished Creatures (others)
  A ballistomycete spore (D)
  2 fungi (D)
3 creatures vanquished.

Grand Total: 38 creatures vanquished

Notes
Turn   | Place    | Note
-------+----------+-------------------------------------------
     0 | D        | styxcanada the Spriggan Brigand began the quest for the
                  | Orb.
     0 | D        | Reached XP level 1. HP: 10/10 MP: 2/2
    21 | D        | Reached skill level 7 in Stealth
    21 | D        | Reached XP level 2. HP: 15/15 MP: 3/3
    22 | D        | Reached skill level 8 in Stealth
    40 | D        | Noticed an oklob sapling
    42 | D        | Killed an oklob sapling
    43 | D        | Reached skill level 9 in Stealth
    43 | D        | Reached XP level 3. HP: 18/18 MP: 4/4
    44 | D        | Noticed a scorpion
    44 | D        | Found the amulet of invisibility {+Inv}
    54 | D        | Killed a scorpion
    55 | D        | Reached skill level 12 in Stealth
    55 | D        | Reached XP level 4. HP: 23/23 MP: 5/5
    83 | D        | Learned a level 2 spell: Poisonous Vapours
    84 | D        | Found an opulent altar of Gozag.
    84 | D        | Found a hazy altar of Hepliaklqana.
    84 | D        | Found a burning altar of Makhleb.
    84 | D        | Found a sparkling altar of Nemelex Xobeh.
    84 | D        | Found a sacrificial altar of Ru.
    84 | D        | Found a shimmering blue altar of Sif Muna.
    84 | D        | Found an ornate altar of the Wu Jian Council.
    84 | D        | Found a shimmering altar of Xom.
    84 | D        | Found a basalt altar of Yredelemnul.
    85 | D        | Found a viscous altar of Jiyva.
    85 | D        | Found a snail-covered altar of Cheibriados.
    85 | D        | Found a bloodstained altar of Trog.
    86 | D        | Found an iron altar of Okawaru.
    86 | D        | Found a shadowy altar of Dithmenos.
    86 | D        | Found a glowing silver altar of Zin.
    87 | D        | Found an ancient bone altar of Kikubaaqudgha.
    87 | D        | Found a hide-covered altar of Uskayaw.
    88 | D        | Found a stormy altar of Qazlal.
    88 | D        | Found a white marble altar of Elyvilon.
    88 | D        | Found a glowing golden altar of the Shining One.
    89 | D        | Became a worshipper of Gozag Ym Sagoz the Greedy
    90 | D        | Found a corrupted altar of Lugonu.
    90 | D        | Found a radiant altar of Vehumet.
    94 | D        | Reached skill level 1 in Spellcasting
    94 | D        | Reached skill level 1 in Air Magic
    94 | D        | Reached skill level 1 in Poison Magic
    94 | D        | Reached skill level 1 in Evocations
    94 | D        | Reached XP level 5. HP: 28/28 MP: 3/7
   153 | D        | Reached skill level 13 in Stealth
   171 | D        | Reached skill level 5 in Dodging
   195 | D        | Reached skill level 14 in Stealth
   195 | D        | Reached XP level 6. HP: 32/32 MP: 8/11
   222 | D        | Found Lisol's Distillery.
   223 | D        | Found Eggon's Antique Armour Emporium.
   236 | D        | Bought a potion of curing for 42 gold pieces
   236 | D        | Bought a potion of heal wounds for 70 gold pieces
   238 | D        | Noticed a burning bush
   238 | D        | Noticed a wandering mushroom
   239 | D        | Noticed a wandering mushroom
   244 | D        | Killed a wandering mushroom
   245 | D        | Reached skill level 15 in Stealth
   245 | D        | Killed a wandering mushroom
   246 | D        | Reached skill level 5 in Throwing
   246 | D        | Reached skill level 16 in Stealth
   246 | D        | Reached XP level 7. HP: 38/38 MP: 9/14
   248 | D        | Reached skill level 5 in Evocations
   463 | D        | Killed a burning bush
   464 | D        | Reached skill level 17 in Stealth
   479 | D        | Found Odo Zoja's Armour Shoppe.
   479 | D        | Found the +8 trident of the Octopus King {venom, rElec
                  | rPois Will+}
   480 | D        | Found Fuibrami's Jewellery Emporium.
   488 | D        | Bought a +2 robe of fire resistance for 194 gold pieces
   714 | D        | Noticed a queen bee
   721 | D        | Killed a queen bee
   722 | D        | Reached skill level 5 in Spellcasting
   722 | D        | Reached XP level 8. HP: 42/42 MP: 16/16
   726 | D        | Reached skill level 18 in Stealth
   782 | D        | Noticed an oklob plant
   785 | D        | Killed an oklob plant
   786 | D        | Reached skill level 5 in Fighting
   797 | D        | Noticed a burning bush
   800 | D        | Killed a burning bush
   801 | D        | Reached skill level 5 in Poison Magic
   801 | D        | Reached XP level 9. HP: 47/47 MP: 17/19
   807 | D        | Learned a level 5 spell: Freezing Cloud
   850 | D        | Noticed a burning bush
   850 | D        | Noticed an oklob plant
   851 | D        | Noticed a wandering mushroom
   852 | D        | Killed a burning bush
   853 | D        | Reached skill level 19 in Stealth
   857 | D        | Killed an oklob plant
   858 | D        | Reached skill level 5 in Short Blades
   858 | D        | Reached skill level 5 in Air Magic
   861 | D        | Killed a wandering mushroom
   891 | D        | Noticed a spriggan druid
   893 | D        | Killed a spriggan druid
   894 | D        | Reached skill level 20 in Stealth
   894 | D        | Reached skill level 10 in Evocations
   982 | D        | Noticed an oklob plant conjurer
   983 | D        | Killed an oklob plant conjurer
  1240 | D        | Noticed an oklob plant
  1240 | D        | Noticed an oklob plant summoner
  1241 | D        | Noticed an oklob plant shifter
  1245 | D        | Killed an oklob plant
  1246 | D        | Reached XP level 10. HP: 53/53 MP: 19/22
  1247 | D        | Killed an oklob plant summoner
  1248 | D        | Reached skill level 21 in Stealth
  1250 | D        | Killed an oklob plant shifter
  1317 | D        | Noticed a spriggan rider
  1318 | D        | Found Qith's Armour Emporium.
  1322 | D        | Found Bawen's Antique Weapon Shoppe.
  1326 | D        | Killed a spriggan rider
  1327 | D        | Reached skill level 10 in Dodging
  1327 | D        | Reached skill level 22 in Stealth
  1338 | D        | Got the Guide on Companions
  1377 | D        | Noticed Agnes
  1379 | D        | Found Edaocwar's Magic Scroll Emporium.
  1379 | D        | Noticed a spriggan berserker
  1393 | D        | Mangled by Agnes

Illustrated notes

Levels and vault maps discovered:
D:        dungeon_sprint_fedhas [sprint_temple]

Skill      XL: |  1  2  3  4  5  6  7  8  9 10 |
---------------+-------------------------------+-----
Dodging        | 2 3 4 5 6 7 8 9 10 | 10.0
Stealth        | 7 9 12 14 16 17 18 20 22 | 22.2
Fighting       | 2 3 4 5 6 |  6.4
Short Blades   | 3 4 5 |  5.7
Throwing       | 3 4 5 6 |  6.0
Spellcasting   | 1 2 4 5 6 7 8 |  8.4
Air Magic      | 1 2 3 4 5 6 |  6.3
Poison Magic   | 1 2 3 4 5 6 |  6.8
Evocations     | 1 2 4 6 8 10 11 | 11.8
Shields        | |  0.2

Action                   |  1- 3 |  4- 6 |  7- 9 | 10-12 || total
-------------------------+-------+-------+-------+-------++-------
Melee: Dagger            |     3 |     2 |       |       ||     5
       Short sword       |       |     3 |    32 |     7 ||    42
Throw: Dart              |    12 |     6 |       |       ||    18
 Cast: Poisonous Vapours |       |       |       |     1 ||     1
 Abil: Evoke Invisibilit |       |     3 |     7 |     1 ||    11
  Use: Scroll            |       |       |     3 |       ||     3
 Stab: Sleeping          |     1 |     4 |    16 |     6 ||    27
       Distracted        |       |       |     1 |       ||     1
Armor: Robe              |     1 |       |       |       ||     1
Dodge: Dodged            |     6 |     2 |     2 |     2 ||    12
Block: Buckler           |       |     1 |       |     2 ||     3
